 Dungeon Crawl Stone Soup version 0.31-a0-167-g1c394c0614 (webtiles) character file.

Game seed: 13173921582482271209

714 qw the Chopper (level 7, -22/44 HPs)
             Began as a Gargoyle Fighter on June 14, 2023.
             Was an Initiate of Okawaru.
             Annihilated by a two-headed ogre
             ... wielding a +0 giant spiked club
              (23 damage)
             ... on level 5 of the Dungeon.
             The game lasted 00:02:45 (4375 turns).

qw the Chopper (Gargoyle Fighter)                   Turns: 4375, Time: 00:02:45

Health: -22/44     AC: 17    Str: 21    XL:     7   Next: 69%
Magic:  7/7        EV:  8    Int: 15    God:    Okawaru [......]
Gold:   179        SH:  4    Dex:  9    Spells: 6/6 levels left

rFire   . . .        m - +1 war axe of Xetupp {vamp, Int+6 SInv}
rCold   . . .        c - +0 buckler
rNeg    + . .        a - +0 chain mail
rPois   inf          (no helmet)
rElec   +            j - +2 cloak {Will+}
rCorr   .            (no gloves)
SInv    +            (no boots)
Will    +....        (no amulet) Stlth
                     (no ring)
HPRegen 0.27/turn    (no ring)
MPRegen 0.10/turn

%: no passive effects
@: no status effects
A: sickness immunity, AC +4, negative energy resistance 1, electricity
resistance, torment resistance 1, petrification resistance
a: Renounce Religion


You were on level 5 of the Dungeon.
You worshipped Okawaru.
Okawaru was noncommittal.
You visited 1 branch of the dungeon, and saw 5 of its levels.

You collected 217 gold pieces.
You spent 38 gold pieces at shops.


Innate Abilities, Weirdness & Mutations

You are immune to sickness and miasma.
Your stone body is resilient. (AC +4)
You are immune to poison.
You resist negative energy. (rN+)
You are resistant to electric shocks. (rElec)
You are resistant to unholy torment.
You are immune to petrification.


   Skills:
 + Level 4.4 Fighting
 - Level 7.0 Axes
 - Level 3.2 Armour
 - Level 1.6 Dodging
 - Level 3.2 Shields


You had 6 spell levels left.
You didn't know any spells.
Your spell library was empty.

Inventory:

Hand Weapons
 g - the +9 mace of Imbalance {holy, rC+}
   (You found it on level 4 of the Dungeon)

   rC:        It protects you from cold.
 k - a +0 war axe of freezing
 m - the +1 war axe of Xetupp (weapon) {vamp, Int+6 SInv}
   (You found it on level 3 of the Dungeon)

   Int:       It affects your intelligence (+6).
   SInv:      It lets you see invisible.
 n - a +0 morningstar
Armour
 a - a +0 chain mail (worn)
 c - a +0 buckler (worn)
 f - a +0 pair of gloves
 j - a +2 cloak of willpower (worn)
Scrolls
 e - a scroll of identify
Potions
 b - 5 potions of curing
 d - 3 potions of might
 h - a potion of mutation
 i - a potion of haste
 l - a potion of resistance {unknown}
 o - a potion of ambrosia {unknown}
 p - a potion of heal wounds
 q - a potion of attraction {unknown}

Dungeon Overview and Level Annotations

Branches:
Dungeon (5/15)             Temple (0/1) D:4

Altars:
Makhleb
Okawaru
Qazlal
Trog
Xom
The Shining One

Shops:
D:4 (

Annotations:
D:1 exclusions: 4 dart slugs and 2 quokkas


Message History

Enter note:
Enter note:
Enter note:
Found an escape hatch in the ceiling.
r - 3 boomerangs of dispersal
Enter note:
Enter note:
Enter note:
Enter note: You see here a +0 robe.
A two-headed ogre comes into view.
It is wielding two +0 giant spiked clubs.
The two-headed ogre shouts in stereo!
Enter note:
Enter note:
Enter note:
Enter note: You throw a boomerang of dispersal.
The boomerang of dispersal barely misses the two-headed ogre.
You throw a boomerang of dispersal.
The boomerang of dispersal hits the two-headed ogre and shatters, but does no damage.
You throw a boomerang of dispersal.
The boomerang of dispersal hits the two-headed ogre and shatters for extra damage.
The two-headed ogre blinks!
The two-headed ogre is lightly wounded.
You barely miss the two-headed ogre.
The two-headed ogre hits you with a +0 giant spiked club!
The two-headed ogre barely misses you.
You hit the two-headed ogre but do no damage.
The two-headed ogre hits you with a +0 giant spiked club!
The two-headed ogre hits you with a +0 giant spiked club.
You hit the two-headed ogre.
You feel better.
The two-headed ogre is lightly wounded.
The two-headed ogre hits you with a +0 giant spiked club.
The two-headed ogre barely misses you.
You hit the two-headed ogre.
You feel better.
The two-headed ogre is lightly wounded.
The two-headed ogre hits you with a +0 giant spiked club!
The two-headed ogre hits you with a +0 giant spiked club!!
Ouch! That really hurt!
You die...

...### .....# #........#
#. .....## #........##.#
......## #...........
.......# #.........
######### .......##
#........ .#........
........###.......#
..........
.........###....O#
..........
..........##....@#
..........
.......#...#.....#
..........
........#...#<#.##
..........
........##...#..#
.......... ........
#.....## ..........
........###[...##
#......... #.......
##.....## ## ###.......
#.....
##.........########....
##..######......#.....##


You could see a two-headed ogre.

Vanquished Creatures
  Pargi (D:4)
  A phantom (D:4)
  Blork the orc (D:4)
  A scorpion (D:5)
  A hound (D:5)
  A jelly (D:5)
  2 iguanas (D:4)
  2 sleepcaps
  Jessica (D:3)
  Terence (D:3)
  A gnoll (D:4)
  9 adders
  2 ufetubi
  4 dart slugs
  3 orcs
  6 bats
  7 endoplasms
  8 giant cockroaches
  9 goblins
  6 hobgoblins
  4 jackals (D:2)
  5 quokkas
  14 ball pythons
  2 frilled lizards
  8 kobolds
  2 rats
102 creatures vanquished.

Vanquished Creatures (others)
  An orc (D:3)
  2 rats (D:3)
3 creatures vanquished.

Grand Total: 105 creatures vanquished

Notes
Turn   | Place    | Note
-------+----------+-------------------------------------------
     0 | D:1      | qw the Gargoyle Fighter began the quest for the Orb.
     0 | D:1      | Reached XP level 1. HP: 14/14 MP: 1/1
     0 | D:1      | 0 ||| qw: Version: 0.2-a-29-g1fa15c8
     0 | D:1      | 0 ||| qw: Game counter: 5020
     0 | D:1      | 0 ||| qw: Always use a shield: true
     0 | D:1      | 0 ||| qw: God list: Okawaru
     0 | D:1      | 0 ||| qw: Allow faded altars: false
     0 | D:1      | 0 ||| qw: Do Orc after D:15 true
     0 | D:1      | 0 ||| qw: Do second Lair branch before Depths: true
     0 | D:1      | 0 ||| qw: Lair rune preference: random
     0 | D:1      | 0 ||| qw: Plans: Normal, Zot:1-4, Slime:5, God:TSO, Crypt,
                  | Tomb, Abyss, Pan, Hells, Win
     0 | D:1      | 0 ||| PLANNING D:1-11
    57 | D:1      | Reached skill level 2 in Axes
   140 | D:1      | 140 ||| READING scroll labelled GAHOME FANOT.
   148 | D:1      | 148 ||| Stepping ~*~*~tactically~*~*~ (water).
   151 | D:1      | Reached XP level 2. HP: 19/19 MP: 2/2
   161 | D:1      | 161 ||| FLEEEEING.
   162 | D:1      | 162 ||| FLEEEEING.
   163 | D:1      | 163 ||| FLEEEEING.
   164 | D:1      | 164 ||| FLEEEEING.
   165 | D:1      | 165 ||| FLEEEEING.
   166 | D:1      | 166 ||| FLEEEEING.
   167 | D:1      | 167 ||| FLEEEEING.
   306 | D:1      | 306 ||| UPGRADING to +0 chain mail.
   316 | D:1      | 316 ||| DROPPING +0 scale mail.
   381 | D:2      | 381 ||| STAIRDANCE
   486 | D:2      | Reached skill level 3 in Axes
   547 | D:2      | Reached XP level 3. HP: 17/23 MP: 3/3
   624 | D:2      | Found a shimmering altar of Xom.
   665 | D:2      | 665 ||| DROPPING amulet of magic regeneration.
   666 | D:2      | 666 ||| READING scroll labelled YSMYQYTT XUMAK.
   667 | D:2      | 667 ||| READING scroll labelled VAELUVEIPH.
   676 | D:2      | 676 ||| STAIRDANCE
   684 | D:2      | 684 ||| STAIRDANCE
   688 | D:2      | 688 ||| STAIRDANCE
   692 | D:2      | 692 ||| STAIRDANCE
   696 | D:2      | 696 ||| STAIRDANCE
   724 | D:2      | 724 ||| STAIRDANCE
   728 | D:2      | 728 ||| STAIRDANCE
   736 | D:2      | 736 ||| STAIRDANCE
   740 | D:2      | 740 ||| STAIRDANCE
   744 | D:2      | 744 ||| STAIRDANCE
   748 | D:2      | 748 ||| STAIRDANCE
   752 | D:2      | 752 ||| STAIRDANCE
   756 | D:2      | 756 ||| STAIRDANCE
   760 | D:2      | 760 ||| STAIRDANCE
   764 | D:2      | 764 ||| STAIRDANCE
   768 | D:2      | 768 ||| STAIRDANCE
   772 | D:2      | 772 ||| STAIRDANCE
   776 | D:2      | 776 ||| STAIRDANCE
   780 | D:2      | 780 ||| STAIRDANCE
   829 | D:1      | 829 ||| Stepping ~*~*~tactically~*~*~ (hiding).
  1249 | D:1      | 1249 ||| READING scroll labelled MERAMO DATOSYPN.
  1250 | D:1      | 1250 ||| DRINKING 2 amethyst potions.
  1341 | D:2      | Reached XP level 4. HP: 28/28 MP: 4/4
  1806 | D:2      | 1806 ||| READING scroll labelled CUNECZE VEMUZ.
  1819 | D:3      | Reached skill level 4 in Axes
  1819 | D:3      | Noticed Jessica
  1835 | D:3      | Killed Jessica
  1897 | D:3      | 1897 ||| Stepping ~*~*~tactically~*~*~ (stealth).
  1949 | D:3      | 1949 ||| Stepping ~*~*~tactically~*~*~ (stealth).
  1953 | D:3      | 1953 ||| Stepping ~*~*~tactically~*~*~ (stealth).
  1970 | D:3      | Reached XP level 5. HP: 32/32 MP: 5/5
  2148 | D:3      | 2148 ||| Stepping ~*~*~tactically~*~*~ (stealth).
  2151 | D:3      | 2151 ||| Stepping ~*~*~tactically~*~*~ (stealth).
  2214 | D:3      | Reached skill level 5 in Axes
  2271 | D:3      | Found a shimmering altar of Xom.
  2290 | D:3      | Identified the +1 war axe of Xetupp {vamp, Int+6 SInv}
  2292 | D:3      | 2292 ||| UPGRADING to +1 war axe of Xetupp {vamp, Int+6
                  | SInv}.
  2303 | D:3      | Noticed Terence
  2315 | D:3      | Killed Terence
  2519 | D:3      | Found a faded altar of an unknown god.
  2523 | D:3      | 2523 ||| DROPPING orb of mayhem.
  2524 | D:3      | 2524 ||| UPGRADING to +2 cloak of willpower.
  2529 | D:3      | 2529 ||| READING 2 scrolls labelled GEEDDE NUBRA.
  2530 | D:3      | 2530 ||| READING 2 scrolls of identify.
  2530 | D:3      | 2530 ||| IDENTIFYING sedimented emerald potion
  2531 | D:3      | 2531 ||| DROPPING scroll of poison.
  2571 | D:4      | Found Xiriuso's Weapon Boutique.
  2579 | D:4      | 2579 ||| BUYING +0 flail (38 gold).
  2579 | D:4      | Bought a +0 flail for 38 gold pieces
  2579 | D:4      | 2579 ||| DROPPING +0 club.
  2588 | D:4      | Found a stormy altar of Qazlal.
  2626 | D:4      | Reached XP level 6. HP: 38/38 MP: 6/6
  2775 | D:4      | Noticed Pargi
  2800 | D:4      | Killed Pargi
  2816 | D:4      | 2816 ||| Stepping ~*~*~tactically~*~*~ (stealth).
  2817 | D:4      | 2817 ||| Stepping ~*~*~tactically~*~*~ (stealth).
  2936 | D:4      | Found a burning altar of Makhleb.
  2971 | D:4      | Found a bloodstained altar of Trog.
  2972 | D:4      | Found an iron altar of Okawaru.
  2973 | D:4      | 2973 ||| PLANNING OKAWARU WORSHIP
  2978 | D:4      | 2978 ||| READING 3 scrolls labelled DALEYKK ATYGU.
  2979 | D:4      | 2979 ||| READING scroll labelled FAL WIMPUXT.
  2980 | D:4      | 2980 ||| DROPPING 2 scrolls of blinking.
  2989 | D:4      | 2989 ||| DRINKING 2 murky silvery potions.
  3094 | D:4      | 3094 ||| DROPPING potion of berserk rage.
  3095 | D:4      | Became a worshipper of Warmaster Okawaru
  3096 | D:4      | 3096 ||| PLANNING D:1-11
  3119 | D:4      | 3119 ||| Stepping ~*~*~tactically~*~*~ (hiding).
  3231 | D:4      | Found a glowing golden altar of the Shining One.
  3258 | D:4      | Reached skill level 6 in Axes
  3380 | D:4      | Reached skill level 1 in Dodging
  3380 | D:4      | Reached XP level 7. HP: 43/43 MP: 7/7
  3421 | D:4      | Identified the +9 mace of Imbalance {holy, rC+}
  3512 | D:4      | Noticed Blork the orc
  3524 | D:4      | Killed Blork the orc
  3552 | D:4      | 3552 ||| DROPPING +0 flail.
  3623 | D:4      | Found a staircase to the Ecumenical Temple.
  4022 | D:4      | 4022 ||| DRINKING 2 purple potions.
  4078 | D:5      | Entered Level 5 of the Dungeon
  4340 | D:5      | Reached skill level 7 in Axes
  4363 | D:5      | Noticed a two-headed ogre
  4375 | D:5      | HP: 1/44 [two-headed ogre/+0 giant spiked club (16)]
  4375 | D:5      | Annihilated by a two-headed ogre

Levels and vault maps discovered:
D:1:      psy_arrival_dodecagon, layout_basic, chequers_big_river
D:2:      wander_river, layout_loops_ring, basic_altar, hangedman_glass_teeth,
          grunt_ministairs_2
D:3:      layout_rooms, xom_confusion_cloud,
          shapermc_ecumenical_altar_hornbeckon, st_stairs_10, uniq_jessica,
          uniq_terence
D:4:      layout_layer_cave, grunt_temple_overflow_bloody_war,
          general_overflow_altar, marbit_many_paths, pf_just_have_faith,
          minmay_temple_entry_purple_smoke, serial_shops, shop_statue,
          uniq_blork_the_orc, uniq_pargi
D:5:      layout_cave_pods, kennysheep_mini_moat

Skill      XL: |  1  2  3  4  5  6  7 |
---------------+----------------------+-----
Axes           | 2 3 4 5 6 7 |  7.0
Fighting       | 4 |  4.4
Dodging        | 1 |  1.6
Armour         | |  3.2
Shields        | |  3.2

Action                     |  1- 3 |  4- 6 |  7- 9 || total
---------------------------+-------+-------+-------++-------
  Melee: War axe           |   101 |   217 |    41 ||   359
  Throw: Boomerang         |       |       |     3 ||     3
    Use: Scroll            |     4 |     5 |       ||     9
         Potion            |     1 |     1 |     1 ||     3
 Armour: Scale mail        |     3 |       |       ||     3
         Chain mail        |    74 |   165 |    12 ||   251
  Dodge: Dodged            |    47 |    85 |    19 ||   151
  Block: Buckler           |    18 |    53 |     5 ||    76

Table legend:
 A = Non-vault XP
 B = Vault XP
 C = Vault XP percentage of total XP
 D = Non-vault monster count
 E = Vault monster count
 F = Vault count percentage of total count
                 A         B        C        D         E       F
            +---------+---------+-------+---------+---------+-------
      Total |     620 |     401 |  39.3 |      81 |      21 |  20.6
            +---------+---------+-------+---------+---------+-------
        D:1 |      27 |       2 |   6.9 |      15 |       1 |   6.2
        D:2 |      59 |       2 |   3.3 |      18 |       1 |   5.3
        D:3 |      35 |     159 |  82.0 |      20 |      15 |  42.9
        D:4 |     270 |     238 |  46.9 |      22 |       4 |  15.4
        D:5 |     229 |       0 |   0.0 |       6 |       0 |   0.0
            +---------+---------+-------+---------+---------+-------
